 Dungeon Crawl Stone Soup version 0.28-a0-1356-g2ad6d04315 (webtiles) character file.

Game seed: 7424609622925856006

4215 freelancePsychic the Fighter (level 10, -8/80 HPs)
             Began as a Demonspawn Wanderer on Dec 30, 2021.
             Was a Follower of Vehumet.
             Killed from afar by an electric eel (12 damage)
             ... with a bolt of electricity
             ... on level 9 of the Dungeon.
             The game lasted 00:30:41 (12521 turns).

freelancePsychic the Fighter (Demonspawn Wanderer) Turns: 12521, Time: 00:30:42

Health: -8/80      AC:  3    Str: 10    XL:     10   Next: 9%
Magic:  18/18      EV: 13    Int: 25    God:    Vehumet [*.....]
Gold:   401        SH:  5    Dex: 18    Spells: 16/20 levels left

rFire   . . .      SeeInvis .   a - +2 short sword (drain)
rCold   . . .      Faith    .   h - orb {*Rage}
rNeg    . . .      Spirit   .   c - +0 robe
rPois   .          Reflect  +   (no helmet)
rElec   .          Harm     .   (no cloak)
rCorr   .          Rampage  .   b - +0 pair of gloves
Will    ++...      Rage     20% (no boots)
Stlth   ++........              o - amulet of reflection
HPRegen 0.23/turn               k - ring of willpower
MPRegen 0.16/turn               n - +6 ring of dexterity

@: on berserk cooldown
A: foul stench 1, powered by death 1, big brain 2, demonic touch 2,
strong-willed 1, wild magic 1
a: Renounce Religion


You were on level 9 of the Dungeon.
You worshipped Vehumet.
Vehumet was aware of your devotion.
You visited 2 branches of the dungeon, and saw 10 of its levels.

You collected 401 gold pieces.

Inventory:

Hand Weapons
 a - a +2 short sword of draining (weapon)
Missiles
 f - 3 boomerangs
 B - a throwing net
Armour
 b - a +0 pair of gloves (worn)
 c - a +0 robe (worn)
 h - an orb of wrath (worn)
Jewellery
 i - a +6 ring of dexterity
 k - a ring of willpower (left hand)
 n - a +6 ring of dexterity (right hand)
 o - an amulet of reflection (around neck)
 w - a ring of poison resistance
 C - an amulet of magic regeneration
Wands
 l - a wand of digging (2)
 z - a wand of paralysis (8)
Scrolls
 e - 7 scrolls of teleportation {@r4}
 q - a scroll of silence
 y - a scroll of amnesia
 A - a scroll of noise
Potions
 d - 3 potions of attraction
 g - 2 potions of haste {@q3}
 p - a potion of cancellation
 r - a potion of mutation
 s - 2 potions of curing {unknown}
 t - a potion of might {unknown}
 u - a potion of degeneration {unknown}
 v - a potion of berserk rage {unknown}
 x - a potion of brilliance {unknown}


   Skills:
 + Level 8.1 Fighting
 - Level 7.0 Short Blades
 - Level 3.6 Dodging
 - Level 5.9 Spellcasting
 + Level 4.1 Conjurations
 - Level 4.3 Necromancy
 + Level 3.7 Air Magic
 - Level 1.2 Invocations


You had 16 spell levels left.
You knew the following spells:

 Your Spells              Type           Power      Damage    Failure   Level
a - Shock                 Conj/Air       100%       1d9       3%          1
b - Corpse Rot            Necr/Air       72%        N/A       4%          2
c - Pain                  Necr           100%       1d9       2%          1

Your spell library contained the following spells:

 Spells                   Type           Power      Damage    Failure   Level
 Animate Skeleton         Necr           76%        N/A       2%          1
 Vampiric Draining        Necr           38%        2d8       6%          3
 Ensorcelled Hibernation  Hex/Ice        18%        N/A       17%         2
 Animate Dead             Necr           19%        N/A       17%         4
 Spider Form              Tmut/Pois      9%         N/A       30%         3


Dungeon Overview and Level Annotations

Branches:
Dungeon (9/15)             Temple (1/1) D:6            Lair (0/6) D:8
    Orc: D:9-12

Altars:
Ashenzari
Cheibriados
Fedhas
Gozag
Hepliaklqana
Makhleb
Nemelex Xobeh
Qazlal
Ru
Sif Muna
Trog
Uskayaw
Vehumet
Wu Jian
Xom
Yredelemnul
Zin
The Shining One

Shops:
D:1 *

Annotations:
D:4 Pikel
D:5 exclusion: downstairs
D:9 Maurice


Innate Abilities, Weirdness & Mutations

You may rarely emit foul miasma when damaged in melee.
You regenerate a little health from kills.
You have an extremely huge brain. (Int +4)
Your touch may inflict irresistible damage on your foes.
You are strong-willed. (Will+)
Your spells are a little harder to cast, but a little more powerful.


Message History

A wyvern comes into view.
As you read the scroll of teleportation {@r4}, it crumbles to dust.
You feel strangely unstable. The wyvern bites you. The yak closely misses you.
The wyvern closely misses you.
Your surroundings suddenly seem different.
Splash!
You fall into the shallow water.
Moving in this stuff is going to be slow.
A two-headed ogre and 4 electric eels come into view.
The two-headed ogre shouts in stereo!
The electric eel shoots out a bolt of lightning at you!
The bolt of electricity hits you.
The bolt of electricity hits the plant!
The plant begins to die.
The two-headed ogre misses you.
The two-headed ogre hits you with a +0 giant club!!
* * * LOW HITPOINT WARNING * * *
The electric eel shoots out a bolt of lightning at you!
The bolt of electricity hits you!
* * * LOW HITPOINT WARNING * * *
Blink to where?
Press: ? - help, Dir - move target
As you read the scroll of blinking, it crumbles to dust.
Okay, then.
Okay, then.
It was a potion of cancellation.
Your magical effects are unravelling.
You feel magically purged.
You feel yourself speed up.
The electric eel shoots out a bolt of lightning at you!
The bolt of electricity misses you.
The bolt of electricity hits the plant!
The plant begins to die.
The electric eel shoots out a bolt of lightning at you!
The bolt of electricity hits the electric eel.
The electric eel completely resists.
The bolt of electricity hits you!
* * * LOW HITPOINT WARNING * * *
It was a potion of mutation.
You feel extremely strange.
You feel strong-willed.
You feel less in control of your magic.
The electric eel shoots out a bolt of lightning at you!
The bolt of electricity hits you!
You die...

♣♣≈≈≈.OS≈P≈♣
♣≈≈≈≈≈≈.PO≈≈♣
♣≈≈≈≈≈≈.≈≈P≈♣ .
≈≈≈≈≈≈≈.≈≈≈♣♣..
≈≈≈≈≈≈≈.≈≈≈≈..#
≈≈≈P≈.≈≈♣..#
PPP≈≈.SP..##
♣≈♣♣.....## ##
#.@..# ######


You could see a two-headed ogre and an electric eel.

Vanquished Creatures
  A wraith (D:9)
  2 yaks (D:9)
  2 vampire mosquitoes (D:8)
  2 wargs (D:8)
  2 black bears
  A necrophage (D:4)
  2 orc warriors
  2 ice beasts
  5 centaurs
  2 ogres (D:6)
  4 lemures
  2 kobold brigands
  3 bullfrogs
  A scorpion (D:5)
  A wyvern zombie (D:7)
  A water moccasin skeleton (D:5)
  3 wights (D:7)
  2 centaur zombies
  A bullfrog zombie (D:6)
  4 jellies
  2 bullfrog skeletons (D:6)
  5 orc priests
  A gnoll shaman (D:7)
  4 hounds
  A scorpion zombie (D:5)
  5 orc wizards
  12 gnolls
  6 adders
  3 shadow imps
  2 ufetubi
  An adder skeleton (D:4)
  2 worms
  A dart slug (D:1)
  26 orcs
  4 ball pythons
  7 endoplasms
  3 giant cockroaches
  13 goblins
  9 hobgoblins
  3 jackals (D:2)
  A quokka (D:2)
  6 bats
  4 frilled lizards
  23 kobolds
  4 rats
191 creatures vanquished.

Vanquished Creatures (collateral kills)
  An ogre (D:7)
1 creature vanquished.

Vanquished Creatures (others)
  21 plants
21 creatures vanquished.

Grand Total: 213 creatures vanquished

Notes
Turn   | Place    | Note
-------+----------+-------------------------------------------
     0 | D:1      | freelancePsychic the Demonspawn Wanderer began the quest
                  | for the Orb.
     0 | D:1      | freelancePsychic set off with the following items: a +0
                  | dagger, a +0 pair of gloves, a +0 robe, a potion of
                  | attraction; and the following spell memorised: Pain; and
                  | the following spells available to memorise: Corpse Rot,
                  | Animate Dead
     0 | D:1      | Reached XP level 1. HP: 16/16 MP: 2/2
   286 | D:1      | Reached skill level 1 in Short Blades
   286 | D:1      | Gained mutation: You have an unusually large brain. (Int
                  | +2) [demonic ancestry]
   286 | D:1      | Reached XP level 2. HP: 12/22 MP: 0/3
   817 | D:1      | Found Harirgh's General Store.
   899 | D:1      | Learned a level 2 spell: Corpse Rot
  1461 | D:2      | Gained mutation: Your touch may inflict minor irresistible
                  | damage on your foes. [demonic ancestry]
  1461 | D:2      | Reached XP level 3. HP: 26/28 MP: 2/5
  2771 | D:3      | Gained mutation: You regenerate a little health from kills.
                  | [demonic ancestry]
  2771 | D:3      | Reached XP level 4. HP: 29/34 MP: 4/6
  3003 | D:3      | Found a faded altar of an unknown god.
  3233 | D:3      | Reached skill level 3 in Fighting
  3257 | D:3      | Reached XP level 5. HP: 29/41 MP: 2/8
  3889 | D:4      | Found a bloodstained altar of Trog.
  3889 | D:4      | Found a sacrificial altar of Ru.
  3906 | D:4      | Became a worshipper of Ru the Awakened
  4174 | D:4      | Reached XP level 6. HP: 44/47 MP: 6/10
  5033 | D:5      | Entered Level 5 of the Dungeon
  5455 | D:5      | Noticed Pikel
  5720 | D:5      | Identified the +11 hand axe of Radicalism {elec, +Blink
                  | rCorr}
  5891 | D:5      | Reached skill level 4 in Fighting
  5891 | D:5      | Gained mutation: You may rarely emit foul miasma when
                  | damaged in melee. [demonic ancestry]
  5891 | D:5      | Reached XP level 7. HP: 34/54 MP: 7/12
  6281 | D:4      | Reached skill level 5 in Short Blades
  6503 | D:5      | Found a shimmering altar of Xom.
  6503 | D:5      | Found a shimmering altar of Xom.
  6507 | D:5      | Found a shimmering altar of Xom.
  6507 | D:5      | Found a shimmering altar of Xom.
  6507 | D:5      | Found a shimmering altar of Xom.
  6649 | D:5      | Found a shimmering altar of Xom.
  6649 | D:5      | Found a shimmering altar of Xom.
  6769 | D:5      | Found a basalt altar of Yredelemnul.
  6769 | D:5      | Found an ornate altar of the Wu Jian Council.
  7820 | D:6      | Gained mutation: Your touch may inflict irresistible damage
                  | on your foes. [demonic ancestry]
  7820 | D:6      | Reached XP level 8. HP: 51/61 MP: 12/14
  7829 | D:6      | Reached skill level 5 in Fighting
  8412 | D:6      | Found a staircase to the Ecumenical Temple.
  8469 | Temple   | Entered the Ecumenical Temple
  8473 | Temple   | Fell from the grace of Ru
  8473 | Temple   | Became a worshipper of Vehumet
  9303 | D:7      | Reached skill level 5 in Spellcasting
  9779 | D:7      | Reached skill level 6 in Fighting
 10567 | D:8      | Reached XP level 9. HP: 69/69 MP: 15/17
 11026 | D:8      | Reached * piety under Vehumet
 11026 | D:8      | Offered knowledge of Shock by Vehumet.
 11072 | D:8      | Learned a level 1 spell: Shock
 11453 | D:8      | Reached skill level 7 in Fighting
 11453 | D:8      | Reached skill level 1 in Conjurations
 11453 | D:8      | Reached skill level 1 in Air Magic
 11780 | D:8      | Found a staircase to the Lair.
 12462 | D:9      | Noticed Maurice
 12499 | D:9      | Reached skill level 8 in Fighting
 12499 | D:9      | Gained mutation: You have an extremely huge brain. (Int +4)
                  | [demonic ancestry]
 12499 | D:9      | Reached XP level 10. HP: 80/80 MP: 13/18
 12518 | D:9      | Noticed a two-headed ogre
 12520 | D:9      | HP: 4/80 [electric eel/bolt of electricity (12)]
 12521 | D:9      | Gained mutation: You are strong-willed. (Will+) [potion of
                  | mutation]
 12521 | D:9      | Gained mutation: Your spells are a little harder to cast,
                  | but a little more powerful. [potion of mutation]
 12521 | D:9      | Killed from afar by an electric eel

Illustrated notes

Levels and vault maps discovered:
D:1:      ncdulo_watergridlock, layout_loops_ring, serial_shops, shop,
          minivault_4
D:2:      layout_basic, moated_statue
D:3:      corexii_shack_village, layout_loops_ring, nicolae_ecumenical_pavilion
D:4:      layout_loops_corners, gammafunk_temple_overflow_wave,
          hangedman_abyss_or_decor_slice, patterned_corridor
D:5:      layout_rooms, nicolae_xom_altar_mimics, minitemple, item_on_display_a,
          uniq_pikel
D:6:      layout_loops_ring, minmay_temple_entry_statues_fountains,
          kennysheep_generic_room_6
D:7:      layout_basic, serial_bayou_crossing
D:8:      layout_rooms, erik_lair_orcish_takeover, hangedman_decor_lopped
D:9:      gammafunk_jiyva_shrine, layout_irregular_city,
          mainiacjoe_overflow_boulevard, serial_bayou_lagoon_b, uniq_maurice
Temple:   nicolae_temple_x_marks_the_god

Skill      XL: |  1  2  3  4  5  6  7  8  9 10 |
---------------+-------------------------------+-----
Short Blades   | 1 2 3 4 5 7 |  7.0
Spellcasting   | 2 3 4 5 |  5.9
Fighting       | 3 4 6 8 |  8.1
Dodging        | 2 3 |  3.6
Conjurations   | 3 4 |  4.1
Air Magic      | 3 |  3.7
Necromancy     | |  4.3
Invocations    | |  1.2

Action                   |  1- 3 |  4- 6 |  7- 9 | 10-12 || total
-------------------------+-------+-------+-------+-------++-------
Melee: Dagger            |    56 |    24 |       |       ||    80
       Short sword       |       |    72 |   269 |     7 ||   348
Throw: Throwing net      |       |       |     3 |       ||     3
 Cast: Pain              |    73 |    63 |   108 |       ||   244
       Corpse Rot        |     1 |     1 |     3 |       ||     5
       Shock             |       |       |    58 |       ||    58
Evoke: Wand              |       |       |     1 |       ||     1
  Use: Scroll            |     2 |     5 |    10 |     2 ||    19
       Potion            |       |     1 |     1 |     2 ||     4
Armor: Robe              |    19 |     9 |    39 |       ||    67
       Skin              |       |     1 |       |       ||     1
Dodge: Dodged            |    38 |    34 |   144 |     5 ||   221
Block: Orb               |       |     8 |    46 |       ||    54
       Reflection        |       |     1 |     3 |       ||     4

Table legend: (Time is in decaauts)
 A = Elapsed time spent in this place.
 B = Non-inter-level travel time spent in this place.
 C = Inter-level travel time spent in this place.
 D = Time resting spent in this place.
 E = Time spent auto-exploring this place.
 F = Levels seen in this place.
 G = Mean time per level.
                   A        B        C        D        E       F      G
               +--------+--------+--------+--------+--------+-----+--------+
         Total |  12876 |  12255 |    621 |   3891 |   6638 |  10 | 1287.6 |
       Dungeon |  12855 |  12249 |    606 |   3891 |   6638 |   9 | 1428.3 |
        Temple |     20 |      5 |     15 |      0 |      0 |   1 |   20.0 |
               +--------+--------+--------+--------+--------+-----+--------+

Top non-repeatable levels by time:
     D:4: 2558 daAuts
     D:8: 1745 daAuts
     D:7: 1710 daAuts
     D:6: 1596 daAuts
     D:1: 1417 daAuts
     D:5: 1310 daAuts
     D:3: 1235 daAuts
     D:2: 1063 daAuts
     D:9: 218 daAuts
  Temple: 20 daAuts
